 Dungeon Crawl Stone Soup version 0.26.1-2-gb8aa6d0cf2 (webtiles) character file.

Game seed: 2296868029436766417

1794 jlumianski the Chopper (level 8, -2/72 HPs)
             Began as a Palentonga Fighter on Feb 17, 2021.
             Was an Initiate of Okawaru.
             Collided with a rock wall (10 damage)
             ... caused by a wretched star
             ... on level 1 of the Abyss.
             The game lasted 00:27:53 (7953 turns).

jlumianski the Chopper (Palentonga Fighter)         Turns: 7953, Time: 00:27:54

Health: -2/72      AC: 33    Str: 19 (21) XL:     8   Next: 82%
Magic:  8/8        EV:  2    Int:  8 (9)  God:    Okawaru [......]
Gold:   441        SH:  9    Dex:  8 (10) Spells: 7/7 levels left

rFire    . . .     SeeInvis +   v - +0 hand axe (flame)
rCold    . . .     Faith    .   c - +0 kite shield
rNeg     + . .     Spirit   .   h - +7 plate armour "Kuoc" {rN+ SInv}
rPois    .         Reflect  .   f - +2 helmet
rElec    .         Harm     .   (no cloak)
rCorr    .         Rampage  .   B - +1 pair of gloves
Will     .....                  (no barding)
Stlth    ..........             (no amulet)
HPRegen  0.00/turn              r - +4 ring of protection
MPRegen  0.11/turn              (no ring)

@: about to teleport, curled up
A: large, rugged brown scales 3, see invisible, deformed body, [deterioration
2], [inhibited regeneration], roll 1, armoured tail, reflexive curl
a: Rolling Charge, Renounce Religion


You were on level 1 of the Abyss.
You worshipped Okawaru.
Okawaru was noncommittal.
You visited 2 branches of the dungeon, and saw 9 of its levels.
You visited the Abyss 1 time.
You also visited: Sewer.

You collected 441 gold pieces.

Inventory:

Hand Weapons
 a - a +0 war axe
 v - a +0 hand axe of flaming (weapon)
 y - a +1 short sword of electrocution
 D - a +0 broad axe
Missiles
 l - 254 stones (quivered)
 p - 11 boomerangs
 E - 3 silver boomerangs
Armour
 b - a +0 scale mail
 c - a +0 kite shield (worn)
 f - a +2 helmet (worn)
 h - the +7 plate armour "Kuoc" (worn) {rN+ SInv}
   (You found it in a sewer)

   It protects you from negative energy.
   It lets you see invisible.
 x - a +0 tower shield
 B - a +1 pair of gloves (worn)
Jewellery
 r - a +4 ring of protection (left hand)
Wands
 G - a wand of random effects (18)
 J - a wand of disintegration (22)
Scrolls
 g - 8 scrolls of identify
 i - 4 scrolls of remove curse
 j - 4 scrolls of teleportation
 k - 2 scrolls of enchant weapon {unknown}
 n - 3 scrolls of random uselessness {unknown}
 s - a scroll of blinking {unknown}
 t - 2 scrolls of noise {unknown}
 u - a scroll of acquirement {unknown}
 z - 2 scrolls of amnesia
 A - a scroll of fog
 F - a scroll of fear {unknown}
Potions
 d - 2 potions of might
 e - a potion of flight
 m - 2 potions of degeneration
 o - a potion of attraction {unknown}
 q - a potion of cancellation {unknown}
 w - a potion of berserk rage {unknown}
 C - a potion of lignification
 H - 2 potions of heal wounds {unknown}
 I - a potion of brilliance {unknown}


   Skills:
 + Level 5.1 Fighting
 + Level 7.9 Axes
 + Level 4.3 Armour
 + Level 1.0 Dodging
 - Level 0.6 Stealth
 + Level 5.1 Shields
 * Level 0.7 Invocations


You had 7 spell levels left.
You didn't know any spells.
Your spell library contained the following spells:

 Spells                   Type           Power        Failure   Level
 Beastly Appendage        Tmut           0%           100%        1
 Magic Dart               Conj           0%           100%        1
 Searing Ray              Conj           0%           100%        2
 Wereblood                Tmut           0%           100%        2
 Dazzling Flash           Conj/Hex       0%           100%        3
 Spider Form              Tmut/Pois      0%           100%        3
 Fulminant Prism          Conj/Hex       0%           100%        4
 Ice Form                 Ice/Tmut       0%           100%        4
 Iskenderun's Mystic Bla  Conj/Tloc      0%           100%        4
 Blade Hands              Tmut           0%           100%        5


Dungeon Overview and Level Annotations

Branches:
Dungeon (8/15)             Temple (1/1) D:7           Sewer (visited)
   Lair: D:8-11

Altars:
Ashenzari
Cheibriados
Elyvilon
Fedhas
Gozag
Hepliaklqana
Nemelex Xobeh
Okawaru
Qazlal
Ru
Sif Muna
Trog
Uskayaw
Vehumet
Wu Jian
Yredelemnul
Zin
The Shining One

Annotations:
D:5 Blork the orc
D:7 Crazy Yiuf


Innate Abilities, Weirdness & Mutations

You are completely covered in rugged brown scales. (AC +3, +7% HP)
You have supernaturally acute eyesight. (SInv)
Armour fits poorly on your strangely shaped body.
You can roll at nearby foes to attack.
You have a long armoured tail.
You curl defensively after being hit.
[Your body often deteriorates upon taking damage.]
[You do not regenerate when monsters are visible.]


Message History

The wretched star is moderately damaged.
You hit the wretched star but do no damage.
The wretched star is moderately damaged.
Tentacles burst from the starspawn's body!
The smoke demon gestures at you. Something smites you!
* * * LOW HITPOINT WARNING * * *
2 starspawn tentacles come into view.
As you read the scroll of teleportation, it crumbles to dust.
You feel strangely unstable.
You feel the power of the Abyss delaying your translocation!
The wretched star pulses with an eldritch light!
You feel yourself wasting away.
You feel your body start to fall apart.
The starspawn tentacle barely misses you.
The wretched star glows turbulently.
The lance of force hits you!
* * * LOW HITPOINT WARNING * * *
You are knocked back by the lance of force.
You slam into the rock wall!
You die...

###### . . # ..
#.. .#..# #...
#.##.#.....
#..## .
#........ ..# #
#..###..# #
#... ###.##.
.#.#
##..3..##§#..
#..#....#.#§##.
. ##...X..@.#
#.
###.##.#.......
##...##.#.#.#
#.*#.....#.#
...##.#.##..#
#..#. .##..##..
..# # ... .##
##. . ##.# . .#
#


You could see a tentacled starspawn and a wretched star.

Vanquished Creatures
  Grinder (D:4)
  Menkaure (D:4)
  An ice beast (D:4)
  A sky beast (D:7)
  An ogre (D:5)
  A necrophage (D:7)
  4 bullfrogs
  A scorpion (D:4)
  A howler monkey (D:4)
  A lava snake (D:7)
  2 hounds
  4 orc priests
  A centaur skeleton (D:7)
  A gnoll shaman (D:6)
  An iguana (D:7)
  2 orc wizards
  2 worker ants (D:4)
  A hound skeleton (D:7)
  7 gnolls
  13 adders
  2 white imps (D:5)
  An ooze (D:2)
  An adder skeleton (D:7)
  2 worms
  3 dart slugs
  7 leopard geckos
  23 orcs
  4 ball pythons
  12 giant cockroaches
  A goblin (D:2)
  9 hobgoblins
  12 jackals
  5 kobolds
  4 quokkas
  5 bats
  10 frilled lizards
  A jackal zombie (D:7)
  A leopard gecko skeleton (D:5)
  2 quokka skeletons
  10 rats
162 creatures vanquished.

Vanquished Creatures (others)
  2 fungi (D:7)
  10 starspawn tentacles (Abyss:1)
12 creatures vanquished.

Grand Total: 174 creatures vanquished

Notes
Turn   | Place    | Note
-------+----------+-------------------------------------------
     0 | D:1      | jlumianski the Palentonga Fighter began the quest for the
                  | Orb.
     0 | D:1      | Reached XP level 1. HP: 20/20 MP: 1/1
   311 | D:1      | Reached XP level 2. HP: 27/27 MP: 2/2
  1079 | D:3      | Reached XP level 3. HP: 27/33 MP: 3/3
  1201 | D:3      | Reached XP level 4. HP: 32/40 MP: 4/4
  1461 | D:3      | Found a glowing drain.
  1491 | Sewer    | Entered a sewer
  1701 | Sewer    | Noticed a bullfrog
  1711 | Sewer    | Killed a bullfrog
  1712 | Sewer    | Reached skill level 3 in Axes
  1712 | Sewer    | Reached XP level 5. HP: 26/48 MP: 5/5
  2019 | Sewer    | Got a translucent plate armour
  2020 | Sewer    | Identified the +7 plate armour "Kuoc" {rN+ SInv} (You found
                  | it in a sewer)
  2430 | D:2      | Reached XP level 6. HP: 39/55 MP: 6/6
  2431 | D:2      | Reached skill level 4 in Axes
  3405 | D:4      | Noticed an ice beast
  3426 | D:4      | Killed an ice beast
  3723 | D:5      | Entered Level 5 of the Dungeon
  3839 | D:5      | Found a snail-covered altar of Cheibriados.
  4007 | D:4      | Noticed Menkaure
  4015 | D:4      | Killed Menkaure
  4016 | D:4      | Reached skill level 5 in Axes
  4016 | D:4      | Gained mutation: You curl defensively after being hit.
                  | [Palentonga growth]
  4016 | D:4      | Reached XP level 7. HP: 60/63 MP: 7/7
  4473 | D:4      | Noticed Grinder
  4475 | D:4      | Paralysed by Grinder for 7 turns
  4485 | D:4      | Killed Grinder
  4646 | D:5      | Found a blossoming altar of Fedhas.
  4646 | D:5      | Found a sacrificial altar of Ru.
  4648 | D:5      | Found an opulent altar of Gozag.
  4650 | D:5      | Found a glowing golden altar of the Shining One.
  4698 | D:5      | Reached skill level 6 in Axes
  4766 | D:5      | Reached XP level 8. HP: 42/71 MP: 8/8
  5329 | D:5      | Noticed Blork the orc
  5340 | D:5      | Found a shimmering blue altar of Sif Muna.
  5515 | D:6      | Reached skill level 1 in Dodging
  6631 | D:7      | Reached skill level 5 in Fighting
  6631 | D:7      | Reached skill level 7 in Axes
  6762 | D:7      | Reached skill level 5 in Shields
  7092 | D:8      | Noticed a two-headed ogre
  7125 | D:7      | Found a staircase to the Ecumenical Temple.
  7147 | Temple   | Entered the Ecumenical Temple
  7234 | Temple   | Became a worshipper of Warmaster Okawaru
  7833 | D:7      | Found a runed translucent door.
  7834 | D:7      | Noticed Crazy Yiuf
  7841 | D:7      | Cast into level 1 of the Abyss (Crazy Yiuf)
  7900 | Abyss:1  | Noticed a smoke demon
  7900 | Abyss:1  | Noticed a tentacled starspawn
  7941 | Abyss:1  | Noticed a wretched star
  7953 | Abyss:1  | Collided with a rock wall

Illustrated notes

Levels and vault maps discovered:
D:1:      mainiacjoe_arrival_reflecting_pool, layout_basic,
          minmay_misc_feat_plants, serial_park_tiny_2
D:2:      layout_loops_ring
D:3:      layout_basic, cheibrodos_sewer_entry_bend
D:4:      layout_loops_ring, minmay_fractal_squares_gapless_5, uniq_menkaure,
          uniq_grinder
D:5:      layout_rooms, tgw_sif, grunt_temple_overflow_open,
          kennysheep_slug_shrine
D:6:      layout_gridville, chequers_serial_rivers_micro_c,
          serial_bayou_crossing
D:7:      layout_loops_corners, lemuel_round_altar,
          minmay_temple_entry_junction, minmay_misc_feat_hallway,
          kennysheep_generic_room_4, uniq_crazy_yiuf_cottage
D:8:      layout_loops_ring, dpeg_oklobed_lair, serial_shops, shop
Temple:   regret_index_temple_generic_petals
Abyss:1:  base:
D:4

Skill      XL: |  1  2  3  4  5  6  7  8 |
---------------+-------------------------+-----
Shields        | 3 4 5 |  5.1
Axes           | 3 5 6 7 |  7.9
Armour         | 3 4 |  4.3
Fighting       | 4 5 |  5.1
Dodging        | 1 |  1.0
Stealth        | |  0.6
Invocations    | |  0.7

Action                   |  1- 3 |  4- 6 |  7- 9 || total
-------------------------+-------+-------+-------++-------
Melee: War axe           |    82 |   237 |    77 ||   396
       Tailslap          |     6 |    31 |    31 ||    68
       Hand axe          |       |       |   213 ||   213
       Broad axe         |       |       |    10 ||    10
Throw: Stone             |       |    10 |     4 ||    14
 Abil: Rolling Charge    |     9 |    24 |    25 ||    58
  Use: Scroll            |     7 |     2 |     3 ||    12
       Potion            |       |       |     3 ||     3
Armor: Scale mail        |    63 |    34 |       ||    97
       Plate armour      |       |   109 |   182 ||   291
Dodge: Dodged            |    30 |    32 |    25 ||    87
Block: Kite shield       |    51 |   113 |   128 ||   292
